 Dungeon Crawl Stone Soup version 0.25-a0-317-g5f8687bca5 (webtiles) character file.

Game seed: 10600911726279882723, levelgen mode: deterministic

17 DerDa the Firebug (level 2, -1/17 HPs)
             Began as an Octopode Fire Elementalist on Dec 27, 2019.
             Hit by a stone thrown by an orc (5 damage)
             ... on level 2 of the Dungeon.
             The game lasted 00:02:43 (902 turns).

DerDa the Firebug (Octopode Fire Elementalist)       Turns: 902, Time: 00:02:44

Health: -1/17      AC:  1    Str:  7    XL:     2   Next: 62%
Magic:  2/5        EV: 13    Int: 17    God:
Gold:   54         SH:  0    Dex: 12    Spells: 5/6 levels left

rFire    . . .     SeeInvis .   l - +0 short sword
rCold    . . .     Gourm    .   (no shield)
rNeg     . . .     Faith    .   (helmet restricted)
rPois    .         Spirit   .   (no amulet)
rElec    .         Reflect  .   (no ring)
rCorr    .         Harm     .   (no ring)
MR       .....                  (no ring)
Stlth    +++.......             (no ring)
HPRegen  0.05/turn              (no ring)
MPRegen  0.09/turn              (no ring)
                                (no ring)
                                (no ring)

@: no status effects
A: almost no armour, stealthy swim, amphibious, 8 rings, constrict 8, camouflage
1, gelatinous body 1
a: no special abilities


You were on level 2 of the Dungeon.
You were not hungry.

You visited 1 branch of the dungeon, and saw 2 of its levels.

You collected 54 gold pieces.

Inventory:

Hand Weapons
 l - a +0 short sword (weapon)
Missiles
 k - a stone (quivered)
Jewellery
 i - an uncursed ring of fire {unknown}
 j - an uncursed amulet of regeneration {unknown}
Scrolls
 a - 2 scrolls of remove curse {unknown}
 c - a scroll of noise {unknown}
 d - a scroll of enchant armour {unknown}
 e - a scroll of enchant weapon {unknown}
 f - 2 scrolls of teleportation {unknown}
 h - a scroll of identify {unknown}
Potions
 g - a potion of agility {unknown}
Comestibles
 b - 4 rations


   Skills:
 - Level 2.0 Dodging
 - Level 2.6 Stealth
 * Level 2.5 Spellcasting
 + Level 1.4 Conjurations
 + Level 3.2 Fire Magic


You had 5 spell levels left.
You knew the following spells:

 Your Spells              Type           Power        Failure   Level  Hunger
a - Foxfire               Conj/Fire      ##..         7%          1    #......

Your spell library contained the following spells:

 Spells                   Type           Power        Failure   Level  Hunger
 Conjure Flame            Conj/Fire      ##......     22%         3    ###....
 Inner Flame              Hex/Fire       #.......     28%         3    ###....
 Sticky Flame             Conj/Fire      ##......     56%         4    #####..
 Fireball                 Conj/Fire      ##........   89%         5    ######.


Dungeon Overview and Level Annotations

Branches:
Dungeon (2/15)

Altars:


Innate Abilities, Weirdness & Mutations

You cannot wear most types of armour.
You are very stealthy in the water. (Stealth+)
You are amphibious.
You can wear up to eight rings at the same time.
You can use your tentacles to constrict eight enemies at once.
Your skin changes colour to match your surroundings (Stealth+).
Your rubbery body absorbs attacks. (AC +1, EV +1)


Message History

You conjure some foxfire!
Casting: Foxfire (safe; 7% risk of failure)
Confirm with . or Enter, or press ? or * to list all spells.
You conjure some foxfire!
The foxfire hits the kobold but does no damage.
The foxfire hits the kobold.
The kobold is severely wounded.
The foxfire hits the kobold.
You kill the kobold!
Casting: Foxfire (safe; 7% risk of failure)
Confirm with . or Enter, or press ? or * to list all spells.
You conjure some foxfire!
The foxfire hits the orc.
The orc is moderately wounded.
The foxfire hits the orc.
The orc is heavily wounded.
The orc throws a stone.
The stone barely misses you.
There is an open door here.
The orc throws a stone.
The stone hits you.
You die...

.§#.# #.....## #.# ....# #####.#
#.# .#### #.# #.### .# ##+##
#...# .#### ##...## ###.# #
....## ##.....## ###.# # .....#
##.......## ##.#.# #
...).###.........####....########
.......'........@'..o............
#...####.........####...#########
##.## ##...###.## ##.## #..
##.### ##### ### #.# #<# .....#
#≈.≈. #.# #.# .###.# .≈.≈## #.#
#.# .# #.# ##≈o≈. ####.# #..
.###.# K≈.≈## ..##.# ###
.....#######≈g≈.# #.##.# ###


You could see an orc.

Vanquished Creatures
  A worm (D:2)
  2 goblins
  2 hobgoblins
  A ball python (D:1)
  A bat (D:1)
  3 frilled lizards (D:1)
  3 kobolds (D:2)
  3 rats
16 creatures vanquished.

Vanquished Creatures (others)
  45 foxfires
45 creatures vanquished.

Grand Total: 61 creatures vanquished

Notes
Turn   | Place    | Note
-------+----------+-------------------------------------------
     0 | D:1      | DerDa the Octopode Fire Elementalist began the quest for
                  | the Orb.
     0 | D:1      | Reached XP level 1. HP: 11/11 MP: 3/3
   352 | D:1      | Reached XP level 2. HP: 17/17 MP: 0/5
   902 | D:2      | Hit by a stone thrown by an orc

Levels and vault maps discovered:
D:1:      scummos_arrival_star, layout_loops_cross, minmay_fountain_box,
          corexii_leaking_fountain
D:2:      layout_loops_corners, st_stairs_4, okawaru_altar_gauntlet_db

Action                   || total
-------------------------++-------
Melee: Unarmed           ||     4
       Constrict         ||     3
       Short sword       ||     2
 Cast: Foxfire           ||    25
Armor: Skin              ||     1
Dodge: Dodged            ||    13

Table legend:
 A = Non-vault XP
 B = Vault XP
 C = Vault XP percentage of total XP
 D = Non-vault monster count
 E = Vault monster count
 F = Vault count percentage of total count
                 A         B        C        D         E       F
            +---------+---------+-------+---------+---------+-------
      Total |      23 |       2 |   8.0 |      15 |       1 |   6.2
            +---------+---------+-------+---------+---------+-------
        D:1 |      11 |       0 |   0.0 |       9 |       0 |   0.0
        D:2 |      12 |       2 |  14.3 |       6 |       1 |  14.3
            +---------+---------+-------+---------+---------+-------
